 Dungeon Crawl Stone Soup version 0.21-a0-79-g04744e2 (webtiles) character file.

8933 Monsterracer the Grappler (level 11, -1/93 (94) HPs)
             Began as a Ghoul Monk on June 22, 2017.
             Was a High Priest of Okawaru.
             Killed from afar by an electric eel (8 damage)
             ... with a bolt of electricity
             ... on level 1 of the Lair of Beasts.
             The game lasted 00:26:44 (8302 turns).

Monsterracer the Grappler (Ghoul Monk)              Turns: 8302, Time: 00:26:44

HP:   -1/93 (94)    AC: 18    Str: 16    XL:     11   Next: 38%
MP:   8/15          EV: 18    Int:  5    God:    Okawaru [*****.]
Gold: 524           SH:  6    Dex: 14    Spells: 5/10 levels left

rFire    . . .     SeeInvis +     - Unarmed
rCold    + + .     Gourm    .   e - +0 buckler
rNeg     + + +     Faith    .   c - +2 ring mail {rC+}
rPois    ∞         Spirit   .   g - +2 helmet
rElec    .         Reflect  .   (no cloak)
rCorr    .         Harm     .   r - +1 pair of gloves
MR       .....                  q - +2 pair of boots
Stlth    +++.......             (no amulet)
HPRegen  0.00/turn              s - ring of see invisible
MPRegen  0.14/turn              l - +5 ring of slaying

@: heroism, finesse, rotting
A: rotting body, claws 1, carnivore 3, cold resistance 1, negative energy
resistance 3, inhibited regeneration, torment resistance, unbreathing
a: Heroism, Finesse, Renounce Religion


You were on level 1 of the Lair of Beasts.
You worshipped Okawaru.
Okawaru was extremely pleased with you.
You were not hungry.

You visited 3 branches of the dungeon, and saw 11 of its levels.
You also visited: Sewer.

You collected 524 gold pieces.

Inventory:

Armour
 c - a +2 ring mail of cold resistance (worn)
 e - a +0 buckler (worn)
 g - a +2 helmet (worn)
 q - a +2 pair of boots (worn)
 r - a +1 pair of gloves (worn)
Jewellery
 a - a +3 ring of intelligence
 l - a +5 ring of slaying (right hand)
 s - a ring of see invisible (left hand)
Wands
 p - a wand of iceblast (3/15)
Scrolls
 f - 2 scrolls of remove curse
 h - 10 scrolls of identify
 i - 5 scrolls of teleportation
 j - 2 scrolls of recharging
 m - 2 scrolls of fog
 o - 2 scrolls of fear
Potions
 d - 2 potions of might
 n - a potion of curing
Comestibles
 b - 7 meat rations
 k - 14 royal jellies


   Skills:
 + Level 8.2(13.2) Fighting
 + Level 5.7(10.7) Armour
 + Level 6.7(11.7) Dodging
 - Level 2.1(7.1) Stealth
 - Level 4.2(9.2) Shields
 * Level 11.4(16.4) Unarmed Combat
 + Level 7.1 Invocations


You had 5 spell levels left.
You knew the following spells:

 Your Spells              Type           Power        Failure   Level  Hunger
a - Apportation           Tloc           #.....       65%         1    ##.....
b - Regeneration          Chrm/Necr      #.........   95%         3    ####...
c - Confusing Touch       Hex            #.....       65%         1    ##.....


Dungeon Overview and Level Annotations

Branches:
Dungeon (9/15)             Temple (1/1) D:4            Lair (1/6) D:9
    Orc: D:9-12

Altars:
Cheibriados
Dithmenos
Elyvilon
Fedhas
Hepliaklqana
Kikubaaqudgha
Makhleb
Nemelex Xobeh
Okawaru
Qazlal
Ru
Sif Muna
Trog
Uskayaw
Vehumet
Wu Jian
Xom
Yredelemnul
Zin
The Shining One
Beogh

Annotations:
D:7 Joseph


Innate Abilities, Weirdness & Mutations

Your body is rotting away.
You thrive on raw meat.
You are immune to poison.
You have sharp fingernails.
You are carnivorous and can eat meat at any time.
Your flesh is cold resistant. (rC+)
You are immune to negative energy. (rN+++)
You do not regenerate when monsters are visible.
You are immune to unholy pain and torment.
You can survive without breathing.


Message History

The bolt of electricity hits you!
* * * LOW HITPOINT WARNING * * *
Huge Dmg: -26%(-24hp) hp: 24%(22hp)
You miss the electric eel.
The electric eel is severely wounded.
The porcupine bites you but does no damage.
You completely miss the electric eel.
The electric eel is severely wounded.
The komodo dragon misses you.
The electric eel shoots out a bolt of lightning at you!
The bolt of electricity hits you!
* * * LOW HITPOINT WARNING * * *
You block the porcupine's attack.
Huge Dmg: -16%(-15hp) hp: 8%(7hp)
Okay, then.
You can now deal lightning-fast blows.
The komodo dragon misses you. The porcupine misses you.
The electric eel shoots out a bolt of lightning at you!
The bolt of electricity hits you!
You die...

..###.8.###....#
...#....##...###
#...........##
.#.........### ##
.#...........##### ..+
...#....#........##.#
.#.##.8.#....#...#..##.D.
...##.#.#......[.l.......
................@r......?
.#P.#........##≈≈;.P.?P.≈
.........#≈≈≈≈≈≈.≈PP
........+.≈≈≈≈PP≈≈≈P
........#≈≈≈≈≈≈≈≈≈≈
########PP≈≈≈PPP≈≈
#≈P≈≈≈≈≈≈≈≈ ♣≈≈≈≈≈≈≈≈≈


You could see a seven-headed hydra (wandering), a komodo dragon, a porcupine and
an electric eel.

Vanquished Creatures
  A hydra (Lair:1)
  Erolcha (D:9)
  A two-headed ogre (D:8)
  Pikel (D:9)
  A spiny frog (Lair:1)
  3 trolls
  Prince Ribbit (D:6)
  6 yaks (D:9)
  Menkaure (D:4)
  A porcupine (Lair:1)
  4 water moccasins
  A black bear (D:6)
  7 orc warriors
  An ice beast (D:5)
  A sky beast (D:7)
  A slave (D:9)
  5 ogres
  2 centaurs
  A crocodile (Lair:1)
  Blork the orc (D:4)
  6 big kobolds
  3 bullfrogs
  A scorpion (D:4)
  4 howler monkeys
  4 crimson imps
  3 jellies (D:8)
  A bullfrog zombie (D:8)
  A centaur zombie (D:5)
  A gnoll shaman (D:7)
  11 orc priests
  3 hounds
  2 iguanas
  9 orc wizards
  4 worker ants
  7 adders
  5 gnolls (D:7)
  2 howler monkey skeletons
  A shadow imp (D:5)
  9 oozes
  An adder zombie (D:6)
  2 adder skeletons
  5 worms
  3 dart slugs
  4 leopard geckos
  40 orcs
  4 giant cockroaches
  10 goblins
  8 hobgoblins
  6 jackals
  16 kobolds
  3 quokkas
  3 ball pythons
  7 bats
  6 frilled lizards
  A leopard gecko skeleton (D:9)
  A leopard gecko zombie (D:6)
  A quokka skeleton (D:6)
  12 rats
251 creatures vanquished.

Vanquished Creatures (collateral kills)
  An adder (D:6)
1 creature vanquished.

Vanquished Creatures (others)
  A crimson imp (D:9)
1 creature vanquished.

Grand Total: 253 creatures vanquished

Notes
Turn   | Place    | Note
-------+----------+-------------------------------------------
     0 | D:1      | Monsterracer the Ghoul Monk began the quest for the Orb.
     0 | D:1      | Reached XP level 1. HP: 19/19 MP: 0/0
   200 | D:1      | Reached XP level 2. HP: 26/26 MP: 1/1
   261 | D:1      | Reached skill level 4 in Unarmed Combat
   547 | D:1      | Reached XP level 3. HP: 31/31 MP: 2/2
  1032 | D:2      | Reached skill level 5 in Unarmed Combat
  1387 | D:2      | Found an ancient bone altar of Kikubaaqudgha.
  1724 | D:3      | Reached XP level 4. HP: 38/38 MP: 3/3
  2328 | D:4      | Found a staircase to the Ecumenical Temple.
  2334 | Temple   | Entered the Ecumenical Temple
  2489 | Temple   | Became a worshipper of Warmaster Okawaru
  2489 | Temple   | Reached * piety under Okawaru
  2489 | Temple   | Reached ** piety under Okawaru
  2611 | D:4      | Noticed an ogre
  2628 | D:4      | Killed an ogre
  2628 | D:4      | Reached skill level 1 in Armour
  2628 | D:4      | Reached skill level 1 in Shields
  2628 | D:4      | Reached XP level 5. HP: 30/45 MP: 4/4
  2642 | D:4      | Noticed Blork the orc
  2647 | D:4      | Reached XP level 6. HP: 35/51 MP: 5/5
  2661 | D:4      | Killed Blork the orc
  2815 | D:4      | Reached skill level 6 in Unarmed Combat
  2815 | D:4      | Reached skill level 1 in Invocations
  2889 | D:4      | Found a glowing drain.
  2908 | Sewer    | Entered a sewer
  3127 | Sewer    | Reached *** piety under Okawaru
  3127 | Sewer    | Reached XP level 7. HP: 45/59 MP: 5/7
  3545 | D:4      | Noticed Menkaure
  3555 | D:4      | Killed Menkaure
  3555 | D:4      | Reached **** piety under Okawaru
  3555 | D:4      | Reached skill level 7 in Unarmed Combat
  3555 | D:4      | Reached XP level 8. HP: 66/67 MP: 5/8
  3788 | D:5      | Entered Level 5 of the Dungeon
  3926 | D:5      | Found a hazy altar of Hepliaklqana.
  3984 | D:5      | Reached skill level 5 in Fighting
  4515 | D:6      | Found a hide-covered altar of Uskayaw.
  4607 | D:6      | Reached skill level 8 in Unarmed Combat
  4613 | D:6      | Learned a level 1 spell: Apportation
  4619 | D:6      | Learned a level 3 spell: Regeneration
  4645 | D:6      | Noticed Prince Ribbit
  4650 | D:6      | Killed Prince Ribbit
  4650 | D:6      | Reached XP level 9. HP: 70/75 MP: 7/11
  4707 | D:6      | Reached ***** piety under Okawaru
  5118 | D:7      | Found an ornate altar of the Wu Jian Council.
  5333 | D:7      | Found a sparkling altar of Nemelex Xobeh.
  5334 | D:7      | Found a burning altar of Makhleb.
  5361 | D:7      | Noticed Joseph
  5432 | D:8      | Noticed a troll
  5433 | D:8      | Noticed a two-headed ogre
  5447 | D:8      | Killed a troll
  5456 | D:8      | Killed a two-headed ogre
  5456 | D:8      | Received a gift from Okawaru
  5456 | D:8      | Reached skill level 5 in Dodging
  5456 | D:8      | Reached skill level 9 in Unarmed Combat
  5460 | D:8      | Reached skill level 5 in Invocations
  5482 | D:8      | Reached XP level 10. HP: 60/84 MP: 12/12
  5896 | D:7      | Found a snail-covered altar of Cheibriados.
  6445 | D:7      | Learned a level 1 spell: Confusing Touch
  6512 | D:9      | Found a roughly hewn altar of Beogh.
  6520 | D:9      | Received a gift from Okawaru
  6533 | D:9      | Reached skill level 10 in Unarmed Combat
  6647 | D:9      | Reached skill level 5 in Armour
  6692 | D:9      | Found a stormy altar of Qazlal.
  6696 | D:9      | Found a shadowy altar of Dithmenos.
  6831 | D:9      | Noticed Pikel
  6851 | D:9      | Killed Pikel
  7135 | D:9      | Reached XP level 11. HP: 83/94 MP: 13/15
  7274 | D:9      | Noticed Erolcha
  7283 | D:9      | Killed Erolcha
  7283 | D:9      | Reached skill level 11 in Unarmed Combat
  7307 | D:9      | Found a staircase to the Lair.
  7674 | Lair:1   | Entered Level 1 of the Lair of Beasts
  7748 | Lair:1   | Noticed a six-headed hydra
  7938 | Lair:1   | Killed a six-headed hydra
  8302 | Lair:1   | Killed from afar by an electric eel

Vault maps used:
D:1:      matt_arrival_spirals
D:2:      old_standard_altar
D:3:      first_bread
D:4:      minmay_temple_entry_statues, cheibrodos_sewer_entry_bend,
          uniq_menkaure, uniq_blork_the_orc
D:5:      basic_altar, st_stairs_9
D:6:      kennysheep_little_box, nicolae_overflow_hidden_temple,
          uniq_prince_ribbit1
D:7:      corexii_shack_village, lemuel_doored_altar,
          nicolae_overflow_crystal_walls, minitemple, uniq_joseph
D:8:      hangedman_little_slice_of_home
D:9:      grunt_temple_overflow_open, lair_entry_dummy, special_room,
          uniq_pikel, uniq_erolcha
Temple:   oiseaux_autumnal_temple
Lair:1:   tgw_fedhas, grunt_megastairs_5, serial_bayou_shore_a,
          serial_bayou_shore_b
Sewer:    sewer_co_tree

Skill      XL: |  1  2  3  4  5  6  7  8  9 10 11 |
---------------+----------------------------------+-----
Unarmed Combat | 4 5 6 7 8 9 10 11 | 11.4
Armour         | 1 2 3 4 5 |  5.7
Dodging        | 3 4 5 6 |  6.7
Shields        | 1 2 3 4 |  4.2
Fighting       | 4 5 6 7 8 |  8.2
Invocations    | 1 2 4 5 6 7 |  7.1
Stealth        | |  2.1

Action                   |  1- 3 |  4- 6 |  7- 9 | 10-12 || total
-------------------------+-------+-------+-------+-------++-------
Melee: Unarmed           |   126 |   130 |   403 |   284 ||   943
       Punch             |     2 |       |     1 |       ||     3
Throw: Throwing net      |       |     1 |       |       ||     1
Invok: Heroism           |       |     1 |     7 |     6 ||    14
       Finesse           |       |       |       |     2 ||     2
  Use: Potion            |     4 |     3 |     3 |     1 ||    11
       Scroll            |       |    12 |     5 |     3 ||    20
 Stab: Sleeping          |     6 |     1 |     1 |       ||     8
       Held in net/web   |       |     1 |       |       ||     1
  Eat: Chunk             |    10 |     3 |    34 |    32 ||    79
Armor: Robe              |    33 |       |       |       ||    33
       Ring mail         |    14 |    49 |   120 |    82 ||   265
Dodge: Dodged            |    79 |    65 |   143 |   131 ||   418
Block: Buckler           |       |       |    45 |    75 ||   120
